 Dungeon Crawl Stone Soup version 0.25-a0-737-g26c3a87c45 (webtiles) character file.

Game seed: 18254977297672724647, levelgen mode: classic

6200 Amnesiac the Frost Mage (level 10, 0/68 (69) HPs)
             Began as a Ghoul Ice Elementalist on Apr 11, 2020.
             Was a Priest of Vehumet.
             Slain by a troll (13 damage)
             ... on level 10 of the Dungeon.
             The game lasted 00:11:42 (6785 turns).

Amnesiac the Frost Mage (Ghoul Ice Elementalist)    Turns: 6785, Time: 00:11:42

HP:   0/68 (69)     AC:  9    Str: 13    XL:     10   Next: 91%
MP:   15/21         EV: 11    Int: 13    God:    Vehumet [***...]
Gold: 485           SH:  0    Dex:  9    Spells: 10/25 levels left

rFire    . . .     SeeInvis .   a - +4 short sword (elec)
rCold    + . .     Gourm    .   (no shield)
rNeg     + + +     Faith    .   C - +3 leather armour {MR+}
rPois    ∞         Spirit   .   (no helmet)
rElec    .         Reflect  .   f - +0 cloak
rCorr    .         Harm     +   t - +0 pair of gloves
MR       +....                  w - +0 pair of boots
Stlth    ++........             m - amulet of harm
HPRegen  0.00/turn              g - ring of stealth
MPRegen  0.17/turn              y - ring of wizardry

@: frozen ramparts, rotting
A: rotting body, claws 1, carnivore, cold resistance 1, negative energy
resistance 3, inhibited regeneration, torment resistance, unbreathing
a: Renounce Religion


You were on level 10 of the Dungeon.
You worshipped Vehumet.
Vehumet was most pleased with you.
You were not hungry.

You visited 2 branches of the dungeon, and saw 11 of its levels.

You collected 485 gold pieces.

Inventory:

Hand Weapons
 a - a +4 short sword of electrocution (weapon)
Armour
 f - a +0 cloak (worn)
 s - a scarf of spirit shield
 t - a +0 pair of gloves (worn)
 w - a +0 pair of boots (worn)
 C - a +3 leather armour of magic resistance (worn)
Jewellery
 g - a ring of stealth (left hand)
 m - an amulet of harm (around neck)
 y - a ring of wizardry (right hand)
 F - an uncursed ring of protection from cold
Wands
 e - a wand of acid (16)
 o - a wand of polymorph (12)
 q - a wand of iceblast (5)
 u - a wand of clouds (8)
Scrolls
 d - 2 scrolls of enchant armour {!r}
 h - a scroll of remove curse {!r}
 j - 2 scrolls of blinking {!r}
 r - 3 scrolls of fog {!r}
 B - a scroll of torment {!r, unknown}
 D - a scroll of teleportation {!r, unknown}
 E - a scroll of fear {!r, unknown}
Potions
 b - 2 potions of magic {!q, unknown}
 i - 5 potions of curing {!q, unknown}
 l - 2 potions of might {!q, unknown}
 n - a potion of resistance {!q, unknown}
 p - a potion of ambrosia {!q, unknown}
 v - a potion of degeneration {!q, unknown}
 x - a potion of heal wounds {!q, unknown}
 z - 2 potions of flight {!q, unknown}
 A - 2 potions of invisibility {!q}
Comestibles
 c - 7 rations
 k - 7 chunks of flesh


   Skills:
 - Level 1.7 Dodging
 - Level 2.1 Stealth
 + Level 8.0 Spellcasting
 * Level 14.3 Ice Magic


You had 10 spell levels left.
You knew the following spells:

 Your Spells              Type           Power        Failure   Level  Hunger
a - Freeze                Ice            ####         1%          1    None
b - Frozen Ramparts       Ice            #####.       1%          3    ##.....
c - Summon Ice Beast      Ice/Summ       ###.....     3%          4    ####...
d - Hailstorm             Conj/Ice       ###.....     1%          4    ####...
z - Ozocubu's Armour      Chrm/Ice       ###.....     1%          3    ##.....

Your spell library contained the following spells:

 Spells                   Type           Power        Failure   Level  Hunger
 Fulminant Prism          Conj/Hex       #.........   17%         4    ####...
 Sticks to Snakes         Tmut           #.......     11%         2    None
 Ice Form                 Ice/Tmut       Unusable     N/A         4    N/A
 Beastly Appendage        Tmut           Unusable     N/A         1    N/A
 Spider Form              Tmut/Pois      Unusable     N/A         3    N/A
 Blade Hands              Tmut           Unusable     N/A         5    N/A

Dungeon Overview and Level Annotations

Branches:
Dungeon (11/15)            Temple (1/1) D:5
   Lair: D:8-11         Orc: D:9-12

Altars:
Dithmenos
Elyvilon
Sif Muna
Trog
Vehumet
Xom
Yredelemnul
Zin
The Shining One

Shops:
D:7 (


Innate Abilities, Weirdness & Mutations

Your body is rotting away.
You thrive on raw meat.
You are immune to poison.
You have sharp fingernails.
You are carnivorous and can eat meat at any time.
Your flesh is cold resistant. (rC+)
You are immune to negative energy. (rN+++)
You do not regenerate when monsters are visible.
You are immune to unholy pain and torment.
You can survive without breathing.


Message History

The centaur warrior skeleton moves out of view.
You now have 485 gold pieces (gained 25).
A troll comes into view.
A centaur comes into view.
The troll shouts!
As you open the door, it creaks loudly!
You hear a shout! x3
Casting: Freeze (safe; 1% risk of failure)
Confirm with . or Enter, or press ? or * to list all spells.
The walls around you are covered in ice.
The centaur shouts!
The centaur wields a cursed -2 shortbow.
The centaur shoots an arrow.
The arrow barely misses you.
The wall freezes the centaur.
The centaur shoots an arrow.
The arrow barely misses you.
There is an open door here.
The wall freezes the centaur.
The centaur hits you with a cursed -2 shortbow.
Casting: Frozen Ramparts (safe; 1% risk of failure)
Confirm with . or Enter, or press ? or * to list all spells.
Aiming: Freeze (safe; 1% risk of failure)
Press: ? - help, Shift-Dir - straight line, f - centaur
Aim: a centaur, wielding a -2 shortbow and quivering 26 arrows (heavily wounded)
You freeze the centaur!
You kill the centaur!
Vehumet accepts your kill.
There is an open door here.
The wall freezes the troll.
The wall freezes the troll.
Casting: Freeze (safe; 1% risk of failure)
Confirm with . or Enter, or press ? or * to list all spells.
Aiming: Freeze (safe; 1% risk of failure)
Press: ? - help, Shift-Dir - straight line, f - troll
Aim: a troll (moderately wounded)
You freeze the troll.
The troll is moderately wounded.
The wall freezes the troll.
The troll bites you! The troll claws you!
* * * LOW HITPOINT WARNING * * *
The troll closely misses you.
Eat one of 10 chunks of flesh? (ye/n/q)
You eat one of the 10 chunks of flesh.
This raw flesh tastes great!
The wall freezes the troll.
The troll bites you.
* * * LOW HITPOINT WARNING * * *
The troll claws you.
* * * LOW HITPOINT WARNING * * *
The troll closely misses you.
Eat one of 9 chunks of flesh? (ye/n/q)
You eat one of the 9 chunks of flesh.
This raw flesh tastes great!
The wall freezes the troll.
The troll closely misses you. The troll barely misses you.
The troll claws you but does no damage.
Eat one of 8 chunks of flesh? (ye/n/q)
You eat one of the 8 chunks of flesh.
This raw flesh tastes great!
The frozen ramparts melt away.
You feel your flesh rotting away. The troll bites you.
* * * LOW HITPOINT WARNING * * *
The troll claws you.
* * * LOW HITPOINT WARNING * * *
The troll claws you!
* * * LOW HITPOINT WARNING * * *
Casting: Freeze (safe; 1% risk of failure)
Confirm with . or Enter, or press ? or * to list all spells.
The walls around you are covered in ice.
The wall freezes the troll.
The troll bites you!
You die...

............###### #..
.................# #..
..T..............# #..
.................# ###
.................#
.......#.........# ###
.......##).......# #..
..#######........####..
. +...@T'...........'..
#######.(........##..
#####......##..
....(....+...
.........#...
..............
..............
............. ##.....


You could see a troll.

Vanquished Creatures
  A two-headed ogre (D:11)
  2 hornets
  3 yaks (D:11)
  A vampire (D:11)
  A steam dragon (D:11)
  Eustachio (D:6)
  2 hungry ghosts
  4 orc warriors
  A sky beast (D:7)
  A phantom (D:8)
  5 ogres
  7 centaurs
  A crocodile (D:11)
  A big kobold (D:11)
  4 bullfrogs
  3 scorpions
  6 killer bees (D:10)
  2 howler monkeys
  3 crimson imps
  2 quasits
  2 jellies
  2 centaur skeletons
  6 hounds
  8 orc priests
  A bullfrog skeleton (D:11)
  8 orc wizards
  Crazy Yiuf (D:2)
  An iguana (D:8)
  3 worker ants
  2 hound skeletons
  A howler monkey zombie (D:6)
  A worker ant zombie (D:7)
  4 gnolls (D:7)
  5 adders
  2 shadow imps
  2 adder zombies
  An adder skeleton (D:8)
  2 worms
  3 dart slugs
  5 leopard geckos
  38 orcs
  5 giant cockroaches
  4 goblins
  7 hobgoblins
  14 jackals
  3 quokkas
  A ball python (D:2)
  8 bats
  A frilled lizard (D:2)
  A jackal skeleton (D:4)
  10 kobolds
  A leopard gecko skeleton (D:4)
  A leopard gecko zombie (D:6)
  A quokka skeleton (D:5)
  A quokka zombie (D:5)
  3 rats
210 creatures vanquished.

Vanquished Creatures (collateral kills)
  A hornet zombie (D:8)
1 creature vanquished.

Grand Total: 211 creatures vanquished

Notes
Turn   | Place    | Note
-------+----------+-------------------------------------------
     0 | D:1      | Amnesiac the Ghoul Ice Elementalist began the quest for the
                  | Orb.
     0 | D:1      | Reached XP level 1. HP: 14/14 MP: 2/2
   146 | D:1      | Reached XP level 2. HP: 2/20 MP: 0/4
   441 | D:1      | Found a shimmering altar of Xom.
   549 | D:1      | Reached skill level 5 in Ice Magic
   794 | D:2      | Reached XP level 3. HP: 24/24 MP: 3/5
   849 | D:2      | Learned a level 3 spell: Frozen Ramparts
   959 | D:2      | Found a faded altar of an unknown god.
  1455 | D:2      | Found a runed translucent door.
  1456 | D:2      | Noticed Crazy Yiuf
  1854 | D:2      | Killed Crazy Yiuf
  1854 | D:2      | Reached XP level 4. HP: 33/33 MP: 3/6
  2050 | D:3      | Reached skill level 6 in Ice Magic
  2050 | D:3      | Reached XP level 5. HP: 28/38 MP: 4/8
  2174 | D:3      | Found a faded altar of an unknown god.
  2174 | D:3      | Found a glowing golden altar of the Shining One.
  2179 | D:3      | Found a glowing silver altar of Zin.
  2181 | D:3      | Found a bloodstained altar of Trog.
  2182 | D:3      | Found a shimmering blue altar of Sif Muna.
  2771 | D:4      | Reached XP level 6. HP: 19/45 MP: 1/9
  3165 | D:4      | Reached skill level 7 in Ice Magic
  3457 | D:5      | Entered Level 5 of the Dungeon
  3721 | D:5      | Found a staircase to the Ecumenical Temple.
  3726 | Temple   | Entered the Ecumenical Temple
  3742 | Temple   | Became a worshipper of Vehumet
  3819 | D:5      | Reached XP level 7. HP: 39/50 MP: 5/11
  3869 | D:5      | Reached skill level 8 in Ice Magic
  4354 | D:6      | Reached skill level 9 in Ice Magic
  4354 | D:6      | Reached XP level 8. HP: 21/57 MP: 9/13
  4364 | D:6      | Noticed a hornet
  4374 | D:6      | Killed a hornet
  4525 | D:6      | Reached skill level 5 in Spellcasting
  4525 | D:6      | Reached skill level 10 in Ice Magic
  4536 | D:6      | Reached * piety under Vehumet
  4536 | D:6      | Offered knowledge of Magic Dart by Vehumet.
  4797 | D:6      | Reached XP level 9. HP: 59/62 MP: 12/16
  4802 | D:6      | Learned a level 3 spell: Ozocubu's Armour
  4806 | D:6      | Noticed Eustachio
  4807 | D:6      | Learned a level 4 spell: Summon Ice Beast
  4812 | D:6      | Learned a level 4 spell: Hailstorm
  4822 | D:6      | Killed Eustachio
  4822 | D:6      | Reached skill level 11 in Ice Magic
  4847 | D:6      | Got an iridescent short sword
  4928 | D:6      | Identified the cursed +3 short sword of Ziolacov {vorpal,
                  | Dex+2} (You found it on level 6 of the Dungeon)
  5502 | D:7      | Found Unuevut's Weapon Shop.
  5539 | D:7      | Offered knowledge of Searing Ray by Vehumet.
  5543 | D:7      | Reached ** piety under Vehumet
  5782 | D:7      | Reached skill level 12 in Ice Magic
  6304 | D:8      | Reached XP level 10. HP: 56/69 MP: 15/19
  6365 | D:8      | You fall into a shaft and drop 3 floors!
  6369 | D:11     | Offered knowledge of Conjure Flame by Vehumet.
  6438 | D:11     | Reached skill level 13 in Ice Magic
  6520 | D:11     | Reached *** piety under Vehumet
  6627 | D:11     | Noticed a two-headed ogre
  6679 | D:11     | Killed a two-headed ogre
  6679 | D:11     | Reached skill level 14 in Ice Magic
  6695 | D:10     | Entered Level 10 of the Dungeon
  6734 | D:10     | Offered knowledge of Fulminant Prism by Vehumet.
  6785 | D:10     | Slain by a troll

Levels and vault maps discovered:
D:1:      saegor_arrival_simple_d, layout_rooms, xom_teletrap_fun
D:2:      layout_loops_corners, chequers_ecumenical_altar_island,
          grunt_decor_one_mirror, kennysheep_doodads, moated_statue,
          uniq_crazy_yiuf_cottage
D:3:      layout_basic, chequers_temple_overflow_minitemple, first_ration,
          columned_hall_lemuel
D:4:      layout_cave_pods
D:5:      layout_basic, minmay_temple_entry_statues_pillars
D:6:      layout_basic, uniq_eustachio
D:7:      layout_basic, serial_shops, nicolae_shop_competitors_out_of_business
D:8:      layout_basic, gammafunk_ghost_grave
D:10:     layout_basic, minmay_checkerbox, uniq_snorg
D:11:     layout_cave_pools, orc_0_dummy, kennysheep_generic_room_16
Temple:   regret_index_temple_mists

Skill      XL: |  1  2  3  4  5  6  7  8  9 10 |
---------------+-------------------------------+-----
Spellcasting   | 2 3 4 5 6 8 |  8.0
Ice Magic      | 5 6 7 9 10 12 14 | 14.3
Dodging        | |  1.7
Stealth        | |  2.1

Action                   |  1- 3 |  4- 6 |  7- 9 | 10-12 || total
-------------------------+-------+-------+-------+-------++-------
Melee: Unarmed           |    63 |       |       |       ||    63
       Quarterstaff      |       |    58 |    21 |       ||    79
       Short sword       |       |       |    87 |    37 ||   124
 Cast: Freeze            |    46 |    29 |    80 |    45 ||   200
       Frozen Ramparts   |     3 |     8 |    21 |    11 ||    43
       Summon Ice Beast  |       |       |     2 |       ||     2
  Use: Scroll            |       |       |    12 |       ||    12
 Stab: Sleeping          |       |     3 |     3 |       ||     6
  Eat: Chunk             |    13 |    11 |    37 |    16 ||    77
Armor: Robe              |    21 |    11 |    13 |       ||    45
       Leather armour    |       |       |    53 |    35 ||    88
Dodge: Dodged            |    75 |    47 |   120 |    52 ||   294

Table legend:
 A = Non-vault XP
 B = Vault XP
 C = Vault XP percentage of total XP
 D = Non-vault monster count
 E = Vault monster count
 F = Vault count percentage of total count
                 A         B        C        D         E       F
            +---------+---------+-------+---------+---------+-------
      Total |    8623 |     235 |   2.7 |     209 |       2 |   0.9
            +---------+---------+-------+---------+---------+-------
        D:1 |      32 |       0 |   0.0 |      18 |       0 |   0.0
        D:2 |      35 |      39 |  52.7 |      17 |       1 |   5.6
        D:3 |      88 |       0 |   0.0 |      16 |       0 |   0.0
        D:4 |     166 |       0 |   0.0 |      17 |       0 |   0.0
        D:5 |     655 |       0 |   0.0 |      25 |       0 |   0.0
        D:6 |    1829 |     196 |   9.7 |      43 |       1 |   2.3
        D:7 |    1204 |       0 |   0.0 |      26 |       0 |   0.0
        D:8 |     482 |       0 |   0.0 |      10 |       0 |   0.0
       D:10 |     779 |       0 |   0.0 |       8 |       0 |   0.0
       D:11 |    3353 |       0 |   0.0 |      29 |       0 |   0.0
            +---------+---------+-------+---------+---------+-------
